 Dungeon Sprint DCSS version 0.26-a0-1013-gf6ffb0d6bd (webtiles) character file.

Game seed: 16827350895396435094

27021 mhtbhm the Phalangite (level 13, -7/204 HPs)
             Began as a Naga Berserker on Dec 7, 2020.
             Was the Champion of Trog.
             Killed from afar by a shock serpent (11 damage)
             ... with a bolt of electricity
             ... in the Dungeon (Sprint IX: "|||||||||||||||||||||||||||||").
             The game lasted 00:06:32 (3947 turns).

mhtbhm the Phalangite (Naga Berserker)              Turns: 3947, Time: 00:06:33

Health: -7/204     AC: 19    Str: 30    XL:     13   Next: 29%
Magic:  13/13      EV: 10    Int:  8    God:    Trog [******]
Gold:   271        SH:  0    Dex: 11    Spells: 12/12 levels left

rFire    + + .     SeeInvis +   a - +10 bardiche of the Land of Plenty {vorpal, +Fly rF+}
rCold    . . .     Faith    .   (shield currently unavailable)
rNeg     . . .     Spirit   .   b - +3 chain mail {rF+}
rPois    +         Reflect  .   v - +0 helmet
rElec    .         Harm     .   l - +0 cloak
rCorr    .         Rampage  .   y - +1 pair of gloves
Will     +....     NoTele   +   (no barding)
Stlth    ..........             (no amulet)
HPRegen  0.44/turn              w - +6 ring of strength
MPRegen  0.13/turn              x - +4 ring of slaying

@: berserking (expiring), quick
A: large, see invisible, deformed body, poison resistance, slowness 2, spit
poison 1, constrict 1, AC +4
a: Spit Poison, Berserk, Trog's Hand, Brothers in Arms, Renounce Religion, Evoke
Flight


You were in the Dungeon.
You worshipped Trog.
Trog was exalted by your worship.
You visited 1 branch You collected 1909 gold pieces.
You spent 1638 gold pieces at shops.

Inventory:

Hand Weapons
 a - the +10 bardiche of the Land of Plenty (weapon) {vorpal, +Fly rF+}
   (Trog gifted it to you in the Dungeon)

   It inflicts extra damage upon your enemies.
   It protects you from fire.
   It lets you fly.
Armour
 b - a +3 chain mail of fire resistance (worn)
 l - a +0 cloak (worn)
 v - a +0 helmet (worn)
 y - a +1 pair of gloves (worn)
Jewellery
 n - an uncursed ring of willpower
 o - an uncursed ring of protection from cold
 w - a +6 ring of strength (left hand)
 x - a +4 ring of slaying (right hand)
Wands
 k - a wand of iceblast (5)
Scrolls
 h - 2 scrolls of blinking
 j - 3 scrolls of remove curse
 q - a scroll of magic mapping
 s - 4 scrolls of identify
 u - 4 scrolls of enchant armour
Potions
 c - 4 potions of curing
 d - 9 potions of heal wounds
 e - 2 potions of haste
 f - 4 potions of magic
 g - a potion of berserk rage
 i - a potion of invisibility
 p - 2 potions of mutation


   Skills:
 + Level 14.9 Fighting
 * Level 24.9 Polearms
 + Level 9.2 Armour
 + Level 7.9 Dodging
 - Level 4.0 Stealth
 + Level 1.7 Evocations


You had 12 spell levels left.
You didn't know any spells.
Your spell library was empty.

Dungeon Overview and Level Annotations

Branches:
Dungeon (1/1)

Altars:
Cheibriados
Dithmenos
Elyvilon
Fedhas
Gozag
Hepliaklqana
Kikubaaqudgha
Makhleb
Nemelex Xobeh
Okawaru
Qazlal
Ru
Sif Muna
Trog
Uskayaw
Vehumet
Wu Jian
Xom
Yredelemnul
Zin
The Shining One
Beogh
Jiyva
Lugonu

Shops:
D ((=(


Innate Abilities, Weirdness & Mutations

You cannot wear boots.
Your serpentine skin is tough. (AC +4)
You have supernaturally acute eyesight. (SInv)
Armour fits poorly on your strangely shaped body.
Your system is resistant to poisons. (rPois)
You cover ground very slowly.
You can spit poison.
You can use your snake-like lower body to constrict enemies.


Message History

You slice the shock serpent!! You grab the shock serpent.
The shock serpent is severely wounded.
The shock serpent's electric aura discharges, shocking you!
* * * LOW HITPOINT WARNING * * *
You constrict the shock serpent.
The shock serpent shoots out a bolt of lightning at you!
The bolt of electricity hits the shock serpent.
The shock serpent completely resists.
The bolt of electricity hits you!!
* * * LOW HITPOINT WARNING * * *
The shock serpent closely misses you.
You slice the shock serpent!!
You kill the shock serpent!
Trog accepts your kill. Something appears before you! Trog grants you a weapon!
The air sparks with electricity, shocking you!
* * * LOW HITPOINT WARNING * * *
The shock serpent shoots out a bolt of lightning at you!
The bolt of electricity hits you!
You die...

.▓.▓'▓.▓.▓.▓.▓.▓.▓
.▓.▓.▓.▓.▓.▓.▓.▓.▓
.▓.▓.▓.▓.▓.▓'▓.▓.▓
'▓.▓.▓.▓.▓.▓.▓.▓.▓
.▓.▓.▓.▓.▓.▓.▓.▓.▓
.▓.▓!▓.▓)▓.▓=▓.▓§▓
.▓.▓(▓.▓)▓.▓=▓.▓§▓
.▓.▓.▓.▓)▓.▓.▓.▓§▓
.▓.▓(▓.▓)▓.▓)▓.▓@▓
'▓.▓.▓.▓)▓.▓)▓.▓§▓
_▓.▓.▓.▓)▓.▓)▓.▓S▓
_▓.▓.▓.▓)▓.▓)▓.▓S▓
_▓.▓.▓.▓)▓.▓)▓.▓N▓
_▓.▓)▓.▓[▓.▓)▓.▓S▓
_▓.▓÷▓.▓.▓.▓)▓.▓S▓
_▓.▓.▓.▓.▓.▓)▓.▓
_▓.▓.▓.▓.▓.▓.▓.▓


You could see a shock serpent.

Vanquished Creatures
  A stone giant (D)
  Azrael (D)
  4 dire elephants (D)
  A yaktaur captain (D)
  A fire dragon (D)
  An ice dragon (D)
  2 hydras (D)
  2 centaur warriors (D)
  3 ogre magi (D)
  6 two-headed ogres (D)
  A deep troll earth mage (D)
  2 shock serpents (D)
  2 wizards (D)
  2 orc knights (D)
  2 orc sorcerers (D)
  5 elephants (D)
  3 cane toads (D)
  A freezing wraith (D)
  A rime drake (D)
  An efreet (D)
  A yaktaur (D)
  A slime creature (D)
  3 fire elementals (D)
  A yak (D)
  A wraith (D)
  A wyvern (D)
  A steam dragon (D)
  2 hell hounds (D)
  2 black bears (D)
  5 orc warriors (D)
  6 ogres (D)
  A big kobold (D)
  8 bullfrogs (D)
  3 wights (D)
  A hound (D)
  3 orc priests (D)
  An orc wizard (D)
  A shadow imp (D)
  A white imp (D)
  An adder skeleton (D)
  8 orcs (D)
  2 bats (D)
  A bat skeleton (D)
  A bat zombie (D)
  A quokka (D)
  A ball python (D)
  A frilled lizard (D)
  A jackal skeleton (D)
  A leopard gecko skeleton (D)
  A rat (D)
104 creatures vanquished.

Vanquished Creatures (collateral kills)
  A frost giant (D)
  An orc knight (D)
  An orc warrior (D)
  An orc priest (D)
  An orc (D)
5 creatures vanquished.

Grand Total: 109 creatures vanquished

Notes
Turn   | Place    | Note
-------+----------+-------------------------------------------
     0 | D        | mhtbhm the Naga Berserker began the quest for the Orb.
     0 | D        | Reached XP level 1. HP: 21/21 MP: 1/1
    10 | D        | Reached ** piety under Trog
    64 | D        | Reached skill level 4 in Polearms
    64 | D        | Reached XP level 2. HP: 6/30 MP: 2/2
    65 | D        | Reached *** piety under Trog
   247 | D        | Found a roughly hewn altar of Beogh.
   247 | D        | Found a snail-covered altar of Cheibriados.
   247 | D        | Found a shadowy altar of Dithmenos.
   247 | D        | Found a white marble altar of Elyvilon.
   247 | D        | Found a blossoming altar of Fedhas.
   247 | D        | Found an opulent altar of Gozag.
   248 | D        | Found a hazy altar of Hepliaklqana.
   249 | D        | Found a viscous altar of Jiyva.
   250 | D        | Found an ancient bone altar of Kikubaaqudgha.
   251 | D        | Found a corrupted altar of Lugonu.
   252 | D        | Found a burning altar of Makhleb.
   253 | D        | Found a sparkling altar of Nemelex Xobeh.
   254 | D        | Found an iron altar of Okawaru.
   255 | D        | Found a stormy altar of Qazlal.
   256 | D        | Found a sacrificial altar of Ru.
   257 | D        | Found a shimmering blue altar of Sif Muna.
   258 | D        | Found a bloodstained altar of Trog.
   259 | D        | Found a hide-covered altar of Uskayaw.
   260 | D        | Found a radiant altar of Vehumet.
   261 | D        | Found an ornate altar of the Wu Jian Council.
   262 | D        | Found a shimmering altar of Xom.
   263 | D        | Found a basalt altar of Yredelemnul.
   264 | D        | Found a glowing silver altar of Zin.
   265 | D        | Found a glowing golden altar of the Shining One.
   320 | D        | Noticed a wight
   320 | D        | Noticed a wight
   320 | D        | Noticed a wight
   323 | D        | Killed a wight
   323 | D        | Reached **** piety under Trog
   324 | D        | Reached skill level 5 in Fighting
   324 | D        | Reached skill level 5 in Polearms
   324 | D        | Reached XP level 3. HP: 39/39 MP: 3/3
   324 | D        | Reached XP level 4. HP: 46/46 MP: 4/4
   326 | D        | Reached skill level 6 in Polearms
   326 | D        | Reached skill level 1 in Stealth
   329 | D        | Reached skill level 7 in Polearms
   329 | D        | Reached XP level 5. HP: 56/56 MP: 5/5
   330 | D        | Reached ***** piety under Trog
   331 | D        | Reached skill level 8 in Polearms
   436 | D        | Noticed an ogre
   436 | D        | Noticed a big kobold
   436 | D        | Noticed a slime creature
   436 | D        | Noticed a black bear
   436 | D        | Noticed a centaur warrior
   436 | D        | Noticed a two-headed ogre
   441 | D        | Killed an ogre
   442 | D        | Reached skill level 9 in Polearms
   442 | D        | Reached XP level 6. HP: 66/66 MP: 6/6
   447 | D        | Killed a slime creature
   448 | D        | Reached skill level 10 in Polearms
   448 | D        | Reached XP level 7. HP: 75/75 MP: 7/7
   455 | D        | Reached skill level 11 in Polearms
   461 | D        | Killed a centaur warrior
   461 | D        | Received a gift from Trog
   462 | D        | Reached skill level 10 in Fighting
   462 | D        | Reached skill level 13 in Polearms
   462 | D        | Reached skill level 5 in Armour
   462 | D        | Reached skill level 5 in Dodging
   462 | D        | Reached XP level 8. HP: 86/86 MP: 8/8
   466 | D        | Killed a two-headed ogre
   467 | D        | Reached skill level 14 in Polearms
   467 | D        | Reached XP level 9. HP: 84/94 MP: 9/9
   476 | D        | Got a transparent bardiche {god gift}
   477 | D        | Identified the +10 bardiche of the Land of Plenty {vorpal,
                  | +Fly rF+} (Trog gifted it to you in the Dungeon)
   714 | D        | Noticed a five-headed hydra
   714 | D        | Noticed a cane toad
   719 | D        | Noticed a cane toad
   723 | D        | Killed a ten-headed hydra
   724 | D        | Reached skill level 15 in Polearms
   727 | D        | Killed a cane toad
  1073 | D        | Received a gift from Trog
  1075 | D        | Killed a cane toad
  1076 | D        | Reached skill level 16 in Polearms
  1076 | D        | Reached XP level 10. HP: 85/105 MP: 10/10
  1352 | D        | Noticed a cane toad
  1352 | D        | Noticed a four-headed hydra
  1354 | D        | Killed a cane toad
  1357 | D        | Noticed an elephant
  1360 | D        | Killed a seven-headed hydra
  1360 | D        | Reached ****** piety under Trog
  1361 | D        | Reached skill level 17 in Polearms
  1361 | D        | Reached skill level 1 in Evocations
  1362 | D        | Received a gift from Trog
  1369 | D        | Killed an elephant
  1426 | D        | Noticed an elephant
  1426 | D        | Noticed a dire elephant
  1426 | D        | Noticed a dire elephant
  1426 | D        | Noticed an elephant
  1426 | D        | Noticed a dire elephant
  1426 | D        | Noticed an elephant
  1430 | D        | Killed an elephant
  1430 | D        | Noticed an elephant
  1431 | D        | Reached skill level 18 in Polearms
  1435 | D        | Killed a dire elephant
  1435 | D        | Received a gift from Trog
  1436 | D        | Reached XP level 11. HP: 114/114 MP: 11/11
  1442 | D        | Killed a dire elephant
  1443 | D        | Reached skill level 19 in Polearms
  1669 | D        | Noticed a dire elephant
  1670 | D        | Killed a dire elephant
  1681 | D        | Killed a dire elephant
  1682 | D        | Reached skill level 20 in Polearms
  2131 | D        | Noticed an orc knight
  2135 | D        | Received a gift from Trog
  2144 | D        | Killed an orc knight
  2158 | D        | Received a gift from Trog
  2229 | D        | Noticed an orc sorcerer
  2229 | D        | Noticed an orc sorcerer
  2237 | D        | Noticed an orc knight
  2238 | D        | Killed an orc sorcerer
  2245 | D        | Received a gift from Trog
  2251 | D        | Paralysed by an orc sorcerer for 3 turns
  2255 | D        | Killed an orc sorcerer
  2256 | D        | Reached skill level 21 in Polearms
  2260 | D        | Killed an orc knight
  2261 | D        | Noticed an orc knight
  2268 | D        | Killed an orc knight
  2269 | D        | Received a gift from Trog
  2595 | D        | Found Wulenlid's Antique Weapon Emporium.
  2595 | D        | Noticed a two-headed ogre
  2595 | D        | Noticed a two-headed ogre
  2595 | D        | Noticed a two-headed ogre
  2596 | D        | Killed a two-headed ogre
  2597 | D        | Reached XP level 12. HP: 126/126 MP: 12/12
  2600 | D        | Killed a two-headed ogre
  2602 | D        | Killed a two-headed ogre
  2611 | D        | Reached skill level 22 in Polearms
  2612 | D        | Received a gift from Trog
  2651 | D        | Noticed a two-headed ogre
  2654 | D        | Killed a two-headed ogre
  2655 | D        | Found Didaf's Antique Weapon Shoppe.
  2658 | D        | Found Guceani's Jewellery Emporium.
  2660 | D        | Found Ivufyck's Weapon Shoppe.
  2666 | D        | Noticed an ogre mage
  2667 | D        | Noticed a two-headed ogre
  2668 | D        | Noticed an ogre mage
  2669 | D        | Noticed an ogre mage
  2672 | D        | Killed an ogre mage
  2674 | D        | Killed a two-headed ogre
  2678 | D        | Paralysed by an ogre mage for 7 turns
  2686 | D        | Killed an ogre mage
  2686 | D        | Received a gift from Trog
  2694 | D        | Killed an ogre mage
  2766 | D        | Bought a +6 ring of strength for 702 gold pieces
  2766 | D        | Bought a +4 ring of slaying for 936 gold pieces
  2944 | D        | Reached skill level 23 in Polearms
  2945 | D        | Noticed a centaur warrior
  2948 | D        | Received a gift from Trog
  2956 | D        | Noticed a yaktaur captain
  2964 | D        | Noticed an ice dragon
  2967 | D        | Killed a centaur warrior
  2967 | D        | Received a gift from Trog
  2971 | D        | Killed a yaktaur captain
  2973 | D        | Noticed a deep troll earth mage
  3243 | D        | Killed an ice dragon
  3246 | D        | Noticed a stone giant
  3247 | D        | Killed a deep troll earth mage
  3248 | D        | Reached skill level 24 in Polearms
  3248 | D        | Gained mutation: You can use your snake-like lower body to
                  | constrict enemies. [Naga growth]
  3248 | D        | Reached XP level 13. HP: 136/136 MP: 13/13
  3265 | D        | Killed a stone giant
  3265 | D        | Noticed a frost giant
  3269 | D        | Killed a frost giant
  3269 | D        | Received a gift from Trog
  3440 | D        | Noticed a fire dragon
  3684 | D        | Killed a fire dragon
  3789 | D        | Noticed Azrael
  3798 | D        | Killed Azrael
  3855 | D        | Upgraded the game from 0.26-a0-1002-g7355149c4d to
                  | 0.26-a0-1013-gf6ffb0d6bd
  3935 | D        | Noticed a nagaraja
  3947 | D        | Received a gift from Trog
  3947 | D        | HP: 4/204 [something (12)]
  3947 | D        | Killed from afar by a shock serpent

Illustrated notes

Levels and vault maps discovered:
D:        linesprint [early_d, line_temple, items_1, d_10, items_2, lair_1,
          lair_end, items_3, orc_1, orc_end, items_4, d_15, swamp_1, shoals_1,
          snake_1, spider_1, d_20, vaults_1, items_5, swamp_end, shoals_end,
          snake_end, spider_end, vaults_end, d_27, items_6, zot_1, zot_end,
          crypt_end, forest_end, elf_end, slime_end, tomb_end, abyss_end,
          pan_hell_end]

Skill      XL: |  1  2  3  4  5  6  7  8  9 10 11 12 13 |
---------------+----------------------------------------+-----
Fighting       | 4 5 6 7 8 10 11 12 13 14 | 14.9
Polearms       | 4 5 7 9 10 13 14 16 18 21 24 | 24.9
Dodging        | 2 3 4 5 6 7 |  7.9
Armour         | 2 3 5 6 7 8 9 |  9.2
Stealth        | 1 2 3 4 |  4.0
Evocations     | 1 |  1.7

Action                   |  1- 3 |  4- 6 |  7- 9 | 10-12 | 13-15 || total
-------------------------+-------+-------+-------+-------+-------++-------
Melee: Spear             |    30 |       |       |       |       ||    30
       Halberd           |     2 |    17 |    19 |       |       ||    38
       Bardiche          |       |       |    18 |   192 |    23 ||   233
       Constrict         |       |       |       |       |     3 ||     3
Invok: Berserk           |     3 |     1 |     1 |     9 |     2 ||    16
       Brothers in Arms  |       |       |       |     1 |     2 ||     3
 Abil: Spit Poison       |       |     1 |       |     4 |       ||     5
Evoke: Wand              |       |       |     1 |     1 |     3 ||     5
  Use: Potion            |       |       |       |     3 |       ||     3
       Scroll            |       |       |       |     2 |     2 ||     4
 Stab: Sleeping          |       |       |       |     1 |       ||     1
Armor: Ring mail         |     1 |     4 |     9 |    32 |       ||    46
       Animal skin       |     1 |       |       |       |       ||     1
       Chain mail        |       |       |       |    12 |    10 ||    22
Dodge: Dodged            |    10 |     3 |    19 |    78 |     7 ||   117

Table legend: (Time is in decaauts)
 A = Elapsed time spent in this place.
 B = Non-inter-level travel time spent in this place.
 C = Inter-level travel time spent in this place.
 D = Time resting spent in this place.
 E = Time spent auto-exploring this place.
 F = Levels seen in this place.
 G = Mean time per level.
                   A        B        C        D        E       F      G
               +--------+--------+--------+--------+--------+-----+--------+
         Total |   4350 |   4350 |      0 |   2795 |    373 |   1 | 4350.0 |
       Dungeon |   4350 |   4350 |      0 |   2795 |    373 |   1 | 4350.0 |
               +--------+--------+--------+--------+--------+-----+--------+

Top non-repeatable levels by time:
       D: 4350 daAuts
